Map: Ruby Rock LE

Players

Mythshaker

  • Race: Protoss Protoss
  • Spawn Location: 5:00

SavyBizniz - Winner!

  • Race: Protoss Protoss
  • League: Silver
  • Spawn Location: 11:00

VOD

Have the link to the VOD?

Description

Time

  • Played on: Dec. 1, 2025, 5:39 a.m.
  • Length: 15:39
Show
View Real Time Build Order
Export as new Build Order

Mythshaker Protoss 

Build Orders:  

Get SALT Encoding   

  12  0:11  Pylon  
  12  0:28  Assimilator  
  12  0:32  Gateway  
  12  0:33  Probe  
  12  0:41  Probe  
  14  0:50  Probe  
  14  0:55  Assimilator  
  15  1:00  Probe  
  16  1:08  Probe  
  17  1:22  Cybernetics Core  
  17  1:26  Probe  
  18  1:39  Probe  
  19  1:49  Pylon  
  19  2:27  Pylon  
  19  2:55  Probe  
  19  2:56  Stargate  
  20  3:03  Probe  
  20  3:09  Stargate  
  21  3:12  Probe  
  22  3:24  Probe  
  23  3:33  Forge  
  23  3:47  Void Ray  
  27  3:49  Void Ray  
  31  4:08  Protoss Shields Level 1  
  31  4:26  Nexus  
  31  4:41  Assimilator, Probe  
  32  4:49  Probe  
  32  4:54  Assimilator  
  32  4:58  Probe  
  34  5:09  Probe  
  39  5:17  Void Ray  
  39  5:30  Pylon  
  39  5:32  Pylon  
  39  5:36  Probe  
  39  5:38  Pylon  
  40  5:44  Probe  
  40  5:48  Probe  
  42  5:52  Probe  
  43  6:01  Probe  
  43  6:03  Void Ray  
  52  6:19  Void Ray  
  52  6:31  Fleet Beacon  
  52  6:35  Protoss Air Armor Level 1  
  52  7:00  Probe  
  56  7:02  Void Ray  
  56  7:08  Flux Vanes, Probe  
  62  7:17  Void Ray  
  62  7:18  Probe  
  63  7:57  Void Ray  
  71  8:00  Void Ray  
  71  8:07  Twilight Council  
  71  8:32  Protoss Air Weapons Level 1  
  71  8:40  Void Ray  
  75  8:43  Protoss Shields Level 2  
  75  8:47  Pylon  
  75  8:49  Pylon  
  75  8:52  Pylon  
  79  9:10  Void Ray  
  79  9:12  Pylon  
  79  9:23  Void Ray  
  87  9:53  Void Ray  
  87  10:06  Void Ray  
  95  10:51  Void Ray x2  
Show
View Real Time Build Order
Export as new Build Order

SavyBizniz Protoss - Winner!

Build Orders:  

Get SALT Encoding   

  1  0:00  Probe  
  12  0:06  Probe  
  14  0:15  Probe  
  15  0:27  Pylon  
  15  0:45  Probe  
  16  0:53  Forge  
  16  0:56  Probe, Gateway  
  17  1:04  Probe  
  17  1:05  Assimilator  
  18  1:13  Probe  
  19  1:23  Assimilator  
  19  1:29  Pylon  
  19  1:39  Probe  
  20  1:50  Photon Cannon  
  20  1:51  Probe  
  21  1:54  Photon Cannon  
  21  2:02  Cybernetics Core  
  20  2:14  Probe  
  21  2:23  Zealot  
  23  2:30  Pylon  
  23  2:33  Warp Gate  
  23  2:35  Pylon  
  23  2:44  Pylon  
  23  2:48  Probe  
  24  2:53  Pylon  
  24  2:54  Zealot  
  26  2:58  Protoss Shields Level 1  
  26  3:07  Probe  
  27  3:15  Twilight Council  
  27  3:22  Stalker  
  29  3:46  Stargate  
  29  3:58  Probe  
  30  4:06  Charge  
  30  4:13  Zealot  
  32  4:28  Nexus  
  32  4:33  Protoss Air Weapons Level 1, Probe  
  33  4:41  Assimilator  
  33  4:45  Assimilator, Probe  
  34  4:52  Stalker  
  34  4:53  Probe  
  37  5:01  Probe  
  38  5:08  Pylon  
  38  5:11  Probe  
  38  5:13  Protoss Shields Level 2  
  39  5:22  Zealot  
  41  5:29  Probe  
  42  5:36  Probe  
  42  5:41  Probe  
  44  5:44  Probe  
  45  5:53  Probe  
  45  5:54  Probe  
  47  5:59  Fleet Beacon  
  47  6:03  Probe  
  47  6:05  Probe  
  49  6:11  Probe  
  49  6:17  Probe  
  51  6:20  Probe  
  51  6:25  Zealot  
  54  6:33  Probe  
  54  6:37  Protoss Air Armor Level 1  
  55  6:44  Pylon  
  55  6:45  Probe  
  56  6:48  Pylon  
  56  6:53  Pylon  
  56  6:57  Probe  
  57  7:08  Stargate  
  57  7:10  Stargate  
  57  7:14  Stargate  
  57  7:20  Gateway  
  57  7:22  Gateway  
  57  7:28  Dark Shrine  
  57  7:40  Nexus, Forge  
  57  7:48  Carrier  
  63  7:59  Pylon  
  63  8:04  Assimilator  
  63  8:09  Assimilator  
  63  8:11  Pylon  
  63  8:20  Pylon  
  63  8:25  Photon Cannon  
  63  8:28  Photon Cannon  
  63  8:34  Photon Cannon  
  63  8:40  Tempest  
  67  8:44  Probe  
  68  8:56  Probe  
  65  9:08  Probe  
  66  9:13  Templar Archives  
  66  9:17  Phoenix  
  66  9:18  Protoss Shields Level 3  
  66  9:21  Probe  
  66  9:23  Unknown  
  69  9:42  Phoenix  
  71  9:49  Photon Cannon  
  71  10:05  Dark Templar  
  56  10:48  Dark Templar  
  58  10:54  Phoenix x2  
  58  10:55  Phoenix  
  63  11:16  Dark Templar  
  63  11:17  Zealot  
  67  11:19  Phoenix x2  
  67  11:20  Phoenix  
  67  11:23  Gateway  
  67  11:24  Gateway  
  67  11:25  Gateway  
  71  11:27  Gateway  
  69  11:32  Gateway  
  69  11:45  Photon Cannon  
  67  11:48  Photon Cannon  
  67  11:51  Photon Cannon  
  67  11:54  Photon Cannon  
  66  11:56  Pylon  
  52  12:24  Pylon  
  52  12:25  Pylon  
  52  12:27  Pylon  
  46  12:30  Pylon  
  46  12:34  Phoenix, Pylon  
  46  12:35  Phoenix  
  36  12:44  Dark Templar  
  36  12:45  Dark Templar  
  39  13:21  Pylon  
  25  13:35  Nexus  
  17  14:22  Pylon  
Tags
 
League
Silver
Matchup
PvP
Spawn Locations
Cross Positions
Add a new tag
Caveats
  • Supply blocks, unpowered buildings, or Contaminate may cause inaccurate times.
  • Supply counts are checked every 10 seconds.